 Dungeon Crawl Stone Soup version 0.30.0-5-g1a98f26d00 (webtiles) character file.

Game seed: 5221313851726367583

383 Jarnaxa the Trooper (level 6, -11/66 HPs)
             Began as an Ogre Fighter on May 11, 2023.
             Mangled by Menkaure (12 damage)
             ... on level 5 of the Dungeon.
             The game lasted 00:05:41 (2854 turns).

Jarnaxa the Trooper (Ogre Fighter)                  Turns: 2854, Time: 00:05:43

Health: -11/66     AC:  3    Str: 23    XL:     6   Next: 76%
Magic:  6/6        EV: 10    Int:  9    God:
Gold:   153        SH:  9    Dex: 14    Spells: 5/5 levels left

rFire   . . .        a - +0 long sword
rCold   . . .        c - +0 kite shield
rNeg    . . .        b - +0 robe
rPois   +            (helmet restricted)
rElec   .            (no cloak)
rCorr   .            (gloves unavailable)
SInv    .            (boots unavailable)
Will    .....        (no amulet)
Stlth   ++           f - ring of poison resistance
HPRegen 0.31/turn    o - +6 ring of dexterity
MPRegen 0.10/turn

%: no passive effects
@: mighty
A: large, unfitting armour, tough skin 1
a: no special abilities


You were on level 5 of the Dungeon.
You visited 1 branch of the dungeon, and saw 5 of its levels.

You collected 153 gold pieces.

Inventory:

Hand Weapons
 a - a +0 long sword (weapon)
Missiles
 q - 2 throwing nets (quivered)
Armour
 b - a +0 robe (worn)
 c - a +0 kite shield (worn)
Jewellery
 f - a ring of poison resistance (left hand)
 l - an amulet of faith
 n - a ring of resist corrosion
 o - a +6 ring of dexterity (right hand)
 p - a ring of ice
 s - a ring of protection from cold
Scrolls
 k - 2 scrolls of fear
 m - a scroll of noise
 r - a scroll of poison {unknown}
 u - a scroll of vulnerability
Potions
 e - 5 potions of haste {unknown}
 g - a potion of degeneration {unknown}
 h - a potion of curing {unknown}
 i - a potion of brilliance {unknown}
 j - a potion of lignification {unknown}
 t - 2 potions of mutation {unknown}


   Skills:
 + Level 5.2 Fighting
 + Level 4.2 Long Blades
 + Level 3.7 Dodging
 + Level 0.7 Stealth
 + Level 4.3 Shields


You had 5 spell levels left.
You didn't know any spells.
Your spell library contained the following spells:

 Spells                   Type           Power      Damage    Failure   Level
 Apportation              Tloc           0%         N/A       65%         1
 Alistair's Intoxication  Tmut/Pois      0%         N/A       100%        5


Dungeon Overview and Level Annotations

Branches:
Dungeon (5/15)
 Temple: D:4-7

Altars:
Ru
Vehumet

Shops:
D:1 =(

Annotations:
D:5 Menkaure


Innate Abilities, Weirdness & Mutations

You are too large for most types of armour.
You have tough skin. (AC +1)


Message History

Done exploring.
Done exploring.
There is an open door here.
There is a stone staircase leading down here.
You climb downwards.
Menkaure shouts!
Found a robe.
There is a stone staircase leading up here.
Found a stone staircase leading down.
An orc comes into view. It is wielding a +0 short sword.
The orc shouts!
You hear a bark!
Menkaure calls on the powers of darkness!
Your body is wracked with pain!
The orc convulses!
A hound comes into view.
The orc attacks as you move away! The orc closely misses you.
Menkaure shouts, "The curse of the Pharaohs be upon you!"
Menkaure points at you and mumbles some strange words.
You struggle to resist.
The orc throws a boomerang.
The boomerang hits you.
You closely miss Menkaure.
The hound pauses to sniff the ground.
Menkaure hits you!!
* * * LOW HITPOINT WARNING * * *
You slash Menkaure!
Menkaure is moderately damaged.
You block the orc's attack.
Menkaure gestures at you while chanting.
You struggle to resist.
You feel very mighty all of a sudden. The orc hits you with a +0 short sword.
* * * LOW HITPOINT WARNING * * *
Menkaure casts a spell at you. Pain shoots through your body!
* * * LOW HITPOINT WARNING * * *
You barely miss Menkaure.
Menkaure is moderately damaged.
The orc hits you with a +0 short sword.
* * * LOW HITPOINT WARNING * * *
Menkaure blazes with dark energy!
Menkaure hits you!
You die...

. ### .##
#.. M. #
#.#.. .
#.#. ># #..
#.# #.# #..
#M##.#.#
#[@oh..#
####.......
..####.
.... #.###
.# .. ##


You could see Menkaure, a hound and an orc.

Vanquished Creatures
  A black bear (D:4)
  An ogre (D:4)
  A phantom (D:4)
  An orc wizard (D:3)
  A hound skeleton (D:2)
  A howler monkey skeleton (D:2)
  An adder (D:2)
  4 worms
  2 dart slugs
  2 orcs (D:4)
  7 endoplasms
  2 giant cockroaches (D:1)
  6 goblins
  4 hobgoblins
  2 quokkas
  6 ball pythons
  A ball python zombie (D:2)
  7 bats
  4 frilled lizards
  10 kobolds
  6 rats
70 creatures vanquished.

Notes
Turn   | Place    | Note
-------+----------+-------------------------------------------
     0 | D:1      | Jarnaxa the Ogre Fighter began the quest for the Orb.
     0 | D:1      | Reached XP level 1. HP: 24/24 MP: 1/1
   168 | D:1      | Reached XP level 2. HP: 32/32 MP: 2/2
   207 | D:1      | Found Sifeit's Jewellery Shop.
   408 | D:1      | Found Imeheups's Antique Weapon Shoppe.
   832 | D:2      | Reached XP level 3. HP: 32/40 MP: 3/3
  1070 | D:2      | Reached XP level 4. HP: 49/49 MP: 4/4
  1975 | D:3      | Found a sacrificial altar of Ru.
  1991 | D:3      | Reached XP level 5. HP: 43/55 MP: 5/5
  2178 | D:4      | Found a radiant altar of Vehumet.
  2316 | D:4      | Noticed a black bear
  2323 | D:4      | Killed a black bear
  2324 | D:4      | Reached XP level 6. HP: 56/65 MP: 6/6
  2475 | D:4      | Reached skill level 5 in Fighting
  2841 | D:5      | Entered Level 5 of the Dungeon
  2841 | D:5      | Noticed Menkaure
  2853 | D:5      | HP: 1/66 [Menkaure/nerve-wracking pain (6)]
  2854 | D:5      | Mangled by Menkaure

Illustrated notes

Levels and vault maps discovered:
D:1:      dpeg_arrival_pond, layout_basic, serial_shops, nicolae_shop_trees,
          shop, hangedman_abyss_or_decor_lesser_grid
D:2:      minmay_inner_zag, layout_rooms, serial_undead, serial_undead_a,
          serial_undead_d, serial_undead_b, serial_undead_b
D:3:      layout_basic, nicolae_ru_great_annihilating_truth, serial_glass,
          glass_columns_a, glass_columns_b, glass_columns_b, glass_columns_a,
          glass_columns_a, minmay_misc_feat_tower
D:4:      layout_gridville, fiery_altar_vehumet
D:5:      layout_loops_cross, zin_angel, ashenzari_conservatory_becter,
          kennysheep_generic_room_16, uniq_menkaure

Skill      XL: |  1  2  3  4  5  6 |
---------------+-------------------+-----
Long Blades    | 2 3 4 |  4.2
Dodging        | 3 |  3.7
Shields        | 4 |  4.3
Fighting       | 5 |  5.2
Stealth        | |  0.7

Action                     |  1- 3 |  4- 6 || total
---------------------------+-------+-------++-------
  Melee: Long sword        |   118 |   137 ||   255
    Use: Scroll            |       |     5 ||     5
         Potion            |       |     1 ||     1
   Stab: Sleeping          |       |     1 ||     1
         Paralysed         |       |     1 ||     1
 Armour: Robe              |    41 |    25 ||    66
  Dodge: Dodged            |    61 |    44 ||   105
  Block: Kite shield       |    56 |    61 ||   117
